[Event "Chessable Masters - Torneo preliminare"]
[White "Praggnanandhaa, R"]
[Black "Vachier-Lagrave, Maxime"]
[WhiteFideId "25059530"]
[BlackFideId "623539"]
[WhiteElo "2587"]
[BlackElo "2762"]
[Result "1/2-1/2"]
[Round "8"]
[TimeControl "600+2"]
[Date "2023.03.13"]
[WhiteClock "0:03:41"]
[BlackClock "0:05:38"]

1. d4 Nf6 2. c4 g6 3. Nc3 d5 4. Nf3 Bg7 5. e3 O-O 6. cxd5 Nxd5 7. Bc4 Nb6 8. Bb3 c5 9. O-O Bg4 10. dxc5 N6d7 11. Na4 Qc7 12. h3 Bxf3 13. Qxf3 Na6 14. c6 Ne5 15. Qe2 Qxc6 16. Bd2 Rad8 17. Rac1 Qe4 18. Ba5 Qd3 19. Qe1 Rc8 20. Rd1 Qb5 21. Rd5 Nc5 22. Nxc5 Rxc5 23. Rxc5 Qxc5 24. Bb4 Qc7 25. Qe2 Rd8 26. Rd1 Rxd1+ 27. Qxd1 Nc6 28. Ba3 e6 29. Ba4 Ne5 30. Bd6 Qd8 31. Bxe5 Qxd1+ 32. Bxd1 Bxe5 33. b3 1/2-1/2


[Site "Internet"]

[Event "Chessable Masters - Torneo preliminare"]
[White "Erigaisi, Arjun"]
[Black "Dubov, Daniil"]
[WhiteFideId "35009192"]
[BlackFideId "24126055"]
[WhiteElo "2685"]
[BlackElo "2727"]
[Result "1/2-1/2"]
[Round "8"]
[TimeControl "600+2"]
[Date "2023.03.13"]
[WhiteClock "0:02:10"]
[BlackClock "0:00:20"]

1. d4 d5 2. c4 e6 3. Nc3 Nf6 4. cxd5 exd5 5. Bg5 Be7 6. e3 O-O 7. Bd3 Re8 8. Nge2 c6 9. Qc2 g6 10. O-O Nbd7 11. Rae1 Nf8 12. f3 Ne6 13. Bh4 b5 14. Kh1 Bd7 15. e4 b4 16. Nd1 c5 17. e5 c4 18. exf6 Bxf6 19. Bxf6 cxd3 20. Qxd3 Qxf6 21. Ne3 Nc7 22. Ng4 Bxg4 23. fxg4 Qd6 24. Qf3 Re7 25. Nc1 Rae8 26. Nd3 Nb5 27. Qf2 f6 28. Rxe7 Rxe7 29. h3 Re4 30. Qxf6 Qxf6 31. Rxf6 Rxd4 32. Ne5 Rd1+ 33. Kh2 Rd2 34. g5 Nd4 35. Rd6 Rxb2 36. Rd8+ Kg7 37. Rxd5 Ne6 38. Rd7+ Kg8 39. Rxa7 Nxg5 40. Ng4 Kf8 41. Kg3 b3 42. axb3 Rxb3+ 43. Kf4 Nf7 44. Nf6 Rb4+ 45. Ke3 Kg7 46. Ne4 Kf8 47. h4 Rb3+ 48. Kd4 Rb4+ 49. Kd5 Rb5+ 50. Kc4 Rf5 51. g3 h6 52. Kd4 Kg8 53. Nc5 Rf1 54. Ne6 Rd1+ 55. Kc5 Re1 56. Nf4 Re5+ 57. Kd4 g5 58. Rxf7 Ra5 59. Rd7 gxf4 60. gxf4 Rh5 61. Ke4 Rxh4 62. Ke5 Rh1 63. Kf6 h5 64. f5 Ra1 65. Rg7+ Kf8 66. Rf7+ Kg8 67. Rg7+ Kf8 68. Rh7 Ra6+ 69. Kg5 h4 70. Rxh4 Rb6 71. Rc4 Ra6 72. Rc7 Rb6 73. Kf4 Ra6 74. Rd7 Ke8 75. Rh7 Kf8 76. Kg5 Rb6 77. Ra7 Rc6 78. Kf4 Rb6 79. Ke5 Rc6 80. f6 Rc1 81. Ra8+ Kf7 82. Ra7+ Kf8 83. Ra8+ Kf7 84. Ra7+ Kf8 1/2-1/2


[Site "Internet"]

[Event "Chessable Masters - Torneo preliminare"]
[White "Yakubboev, Nodirbek"]
[Black "Sadhwani, Raunak"]
[WhiteFideId "14203987"]
[BlackFideId "35093487"]
[WhiteElo "2577"]
[BlackElo "2550"]
[Result "0-1"]
[Round "8"]
[TimeControl "600+2"]
[Date "2023.03.13"]
[WhiteClock "0:00:12"]
[BlackClock "0:00:10"]

1. c4 e5 2. Nc3 Nf6 3. Nf3 Nc6 4. e4 Bb4 5. d3 d6 6. a3 Bxc3+ 7. bxc3 Nd7 8. g3 Nc5 9. Nh4 g6 10. Bg2 Na5 11. Be3 Bd7 12. O-O Qe7 13. f4 O-O-O 14. Rb1 b6 15. Bf2 f6 16. Re1 Rhg8 17. d4 Ncb7 18. Qd3 Be6 19. Rb4 Qf7 20. fxe5 fxe5 21. d5 Bd7 22. Nf3 Qe7 23. Rb2 g5 24. Be3 h5 25. Rf1 h4 26. Rbf2 h3 27. Bh1 Rdf8 28. Nd2 Rxf2 29. Rxf2 g4 30. Qf1 Nd8 31. Rf6 Kb8 32. Bh6 Bc8 33. c5 dxc5 34. Bf8 Qd7 35. d6 Ne6 36. Bh6 Qxd6 37. Be3 Qd7 38. Qe2 Qa4 39. Rf5 Nc6 40. Qc4 Qxc4 41. Nxc4 Ned8 42. Rf6 Be6 43. Nd2 Kc8 44. Kf2 Kd7 45. Ke2 Nf7 46. Kd1 Nd6 47. Kc2 Nc4 48. Nxc4 Bxc4 49. Bd2 Be6 50. Bh6 Na5 51. a4 Nc4 52. Bc1 a5 53. Kd3 Ke7 54. Rf1 Nd6 55. Kc2 Rf8 56. Bg5+ Ke8 57. Rf6 Rxf6 58. Bxf6 Nf7 59. Bg7 Bc4 60. Kb2 Bf1 0-1


[Site "Internet"]

[Event "Chessable Masters - Torneo preliminare"]
[White "Keymer, Vincent"]
[Black "Kramnik, Vladimir"]
[WhiteFideId "12940690"]
[BlackFideId "4101588"]
[WhiteElo "2630"]
[BlackElo "2756"]
[Result "1-0"]
[Round "8"]
[TimeControl "600+2"]
[Date "2023.03.13"]
[WhiteClock "0:00:08"]
[BlackClock "0:00:03"]

1. d4 d5 2. c4 c6 3. Nf3 Nf6 4. e3 Bf5 5. Nc3 e6 6. Nh4 Be4 7. f3 Bg6 8. Bd2 Nbd7 9. cxd5 Nxd5 10. Nxg6 hxg6 11. Qb3 Qb6 12. O-O-O Qxb3 13. axb3 Be7 14. e4 Nc7 15. Be3 O-O-O 16. Bc4 a6 17. d5 Ne5 18. Bb6 Rd7 19. Kb1 g5 20. h3 Bf6 21. Rc1 Nxc4 22. bxc4 Bxc3 23. dxc6 Rd2 24. Rxc3 Rxg2 25. Rd1 bxc6 26. Rcd3 c5 27. Ba5 e5 28. Rd7 Ne6 29. Ra7 Rxh3 30. Rdd7 Rxf3 31. Re7 Kb8 32. Rab7+ Kc8 33. Ra7 Kb8 34. Bc3 Nd4 35. Rab7+ Kc8 36. Rbc7+ Kb8 37. Rxc5 f6 38. Rd5 Kc8 39. Rc5+ Kb8 40. Rd5 Kc8 41. Re8+ Kb7 42. Ba5 Rb3 43. Re7+ 1-0


[Site "Internet"]

[Event "Chessable Masters - Torneo preliminare"]
[White "Tabatabaei, M. Amin"]
[Black "Lazavik, Denis"]
[WhiteFideId "12521213"]
[BlackFideId "13515110"]
[WhiteElo "2558"]
[BlackElo "2488"]
[Result "1/2-1/2"]
[Round "8"]
[TimeControl "600+2"]
[Date "2023.03.13"]
[WhiteClock "0:00:46"]
[BlackClock "0:00:45"]

1. d4 Nf6 2. c4 e6 3. Nf3 d5 4. g3 Be7 5. Bg2 O-O 6. O-O dxc4 7. Qc2 a6 8. a4 Bd7 9. Qxc4 Bc6 10. Bg5 Nbd7 11. Nc3 h6 12. Bxf6 Nxf6 13. Rfd1 a5 14. Qd3 Bb4 15. Ne5 Bxg2 16. Kxg2 c6 17. Qf3 Qe7 18. Rac1 Rfd8 19. e3 Nd7 20. Nxd7 Rxd7 21. Ne4 Rad8 22. g4 Rd5 23. Ng3 Qd7 24. Rf1 c5 25. dxc5 Qxa4 26. Ne4 Qc6 27. Rc2 f5 28. Ng3 fxg4 29. Qe4 Re5 30. Qxc6 bxc6 31. Rc4 Rd2 32. Rb1 h5 33. Ne4 Rd3 34. h3 gxh3+ 35. Kxh3 Rb3 36. Rd1 Rd5 37. Rg1 Kf8 38. Ng5 Ke7 39. Re4 e5 40. Nh7 Kf7 41. Ng5+ Kf6 42. Nh7+ Kf7 43. Ng5+ Kf6 44. Nh7+ Kf7 1/2-1/2


[Site "Internet"]

[Event "Chessable Masters - Torneo preliminare"]
[White "Chigaev, Maksim"]
[Black "Gukesh, D"]
[WhiteFideId "4108116"]
[BlackFideId "46616543"]
[WhiteElo "2568"]
[BlackElo "2629"]
[Result "1-0"]
[Round "8"]
[TimeControl "600+2"]
[Date "2023.03.13"]
[WhiteClock "0:00:04"]
[BlackClock "0:00:02"]

1. e4 c6 2. Nf3 d5 3. d3 Qc7 4. Nc3 dxe4 5. dxe4 e5 6. Bc4 b5 7. Bb3 h6 8. O-O Nf6 9. Nh4 a5 10. a3 Nbd7 11. Be3 Nc5 12. Qf3 Nxb3 13. cxb3 Be6 14. Rac1 Qb7 15. Qg3 Nd7 16. Kh1 Bxb3 17. f4 Bc4 18. fxe5 Bxf1 19. Rxf1 b4 20. e6 bxc3 21. exf7+ Kd8 22. bxc3 Bxa3 23. Ng6 Rf8 24. e5 Qb3 25. Nxf8 Bxf8 26. Qg4 Kc7 27. e6 Nf6 28. Qf5 Qd5 29. Bf4+ Kb7 30. Rb1+ Ka6 31. Qc2 c5 32. Qa4 c4 33. Be3 Rc8 34. Bd4 Qxe6 35. Qb5# 1-0


[Site "Internet"]

[Event "Chessable Masters - Torneo preliminare"]
[White "Alonso Rosell, Alvar"]
[Black "Meier, Georg"]
[WhiteFideId "2270544"]
[BlackFideId "4675789"]
[WhiteElo "2473"]
[BlackElo "2624"]
[Result "0-1"]
[Round "8"]
[TimeControl "600+2"]
[Date "2023.03.13"]
[WhiteClock "0:00:04"]
[BlackClock "0:00:17"]

1. d4 e6 2. c4 b6 3. Nf3 Bb7 4. a3 Nf6 5. g3 c5 6. Bg2 cxd4 7. O-O Be7 8. b4 d6 9. Bb2 e5 10. e3 dxe3 11. fxe3 O-O 12. Nc3 Nbd7 13. Qe2 a6 14. Rad1 Rc8 15. e4 Rc7 16. Nd2 Qa8 17. g4 h6 18. h4 Nh7 19. g5 hxg5 20. hxg5 Nxg5 21. Qg4 Qc8 22. Nd5 Bxd5 23. exd5 g6 24. Qg3 Kg7 25. Rf2 Qd8 26. Ne4 Rxc4 27. Qd3 b5 28. Ng3 Qb6 29. Bc1 Rg4 30. Kf1 Rd4 31. Qe2 Rxd1+ 32. Qxd1 Rc8 33. Qe1 Qd4 34. Be3 Qg4 35. Kg1 f5 36. Nf1 Nh3+ 37. Kh2 Nxf2 0-1


[Site "Internet"]

[Event "Chessable Masters - Torneo preliminare"]
[White "Vokhidov, Shamsiddin"]
[Black "Iturrizaga Bonelli, Eduardo"]
[WhiteFideId "14204223"]
[BlackFideId "3901211"]
[WhiteElo "2514"]
[BlackElo "2654"]
[Result "0-1"]
[Round "8"]
[TimeControl "600+2"]
[Date "2023.03.13"]
[WhiteClock "0:00:16"]
[BlackClock "0:00:09"]

1. e4 c5 2. Nf3 e6 3. d4 cxd4 4. Nxd4 a6 5. c4 Nf6 6. Nc3 Bb4 7. Qd3 d6 8. Nc2 Bxc3+ 9. Qxc3 O-O 10. f3 e5 11. Be2 Be6 12. O-O Qc7 13. Rd1 Rc8 14. b3 b5 15. Ba3 Ne8 16. Ne3 Nc6 17. Qd2 Nd4 18. Bf1 Qb6 19. Kh1 a5 20. Bb2 a4 21. Bxd4 exd4 22. Nc2 axb3 23. axb3 Rxa1 24. Rxa1 bxc4 25. bxc4 Bxc4 26. Nxd4 Bxf1 27. Rxf1 g6 28. Rd1 Rc5 29. h3 d5 30. e5 Ng7 31. Ne2 Ne6 32. Nc3 Qc7 33. Nxd5 Qxe5 34. f4 Qh8 35. f5 gxf5 36. Qh6 Qg7 37. Qh5 Qg5 38. Qf3 f4 39. Nc3 Re5 40. Ne4 Qg6 41. Nd6 Qg3 42. Qa8+ Nf8 43. Qb7 Re1+ 44. Rxe1 Qxe1+ 45. Kh2 Qg3+ 46. Kh1 Qe1+ 47. Kh2 Qe6 48. Ne4 Qe5 49. Kh1 Kg7 50. Qc6 Ne6 51. Nc3 Qe1+ 52. Kh2 Qg3+ 53. Kh1 Qe1+ 54. Kh2 Nd4 55. Qc4 Qg3+ 56. Kh1 Qe1+ 57. Kh2 Qe3 58. Nd5 Qg3+ 59. Kh1 Qe1+ 60. Kh2 Ne2 61. Qc5 Qg3+ 62. Kh1 Qe1+ 63. Kh2 Qg3+ 64. Kh1 f3 0-1


[Site "Internet"]

[Event "Chessable Masters - Torneo preliminare"]
[White "Bluebaum, Matthias"]
[Black "Firouzja, Alireza"]
[WhiteFideId "24651516"]
[BlackFideId "12573981"]
[WhiteElo "2601"]
[BlackElo "2745"]
[Result "1-0"]
[Round "8"]
[TimeControl "600+2"]
[Date "2023.03.13"]
[WhiteClock "0:05:23"]
[BlackClock "0:02:16"]

1. d4 Nf6 2. c4 g6 3. Nc3 Bg7 4. e4 d6 5. Nf3 O-O 6. Be2 e5 7. Be3 Ng4 8. Bg5 f6 9. Bh4 g5 10. Bg3 Nh6 11. dxe5 fxe5 12. h4 g4 13. Ng5 Nc6 14. c5 Nd4 15. Bc4+ Kh8 16. cxd6 Qxd6 17. O-O Qb4 18. Bb3 Nxb3 19. Qxb3 Qe7 20. Nd5 Qd8 21. Rad1 c6 22. Nf4 Qe7 23. Nfe6 Bxe6 24. Nxe6 Rf6 25. Nxg7 Kxg7 26. Bxe5 Rf8 27. Qc3 Kg6 28. Bxf6 Rxf6 29. e5 Re6 30. Rd6 Rxd6 31. exd6 Qxd6 32. Qc2+ Nf5 33. Rd1 Qe7 34. Qc4 h5 35. Qg8+ Ng7 36. Qd8 Qf7 1-0


[Site "Internet"]

[Event "Chessable Masters - Torneo preliminare"]
[White "Andreikin, Dmitry"]
[Black "Oparin, Grigoriy"]
[WhiteFideId "4158814"]
[BlackFideId "24125890"]
[WhiteElo "2628"]
[BlackElo "2650"]
[Result "1/2-1/2"]
[Round "8"]
[TimeControl "600+2"]
[Date "2023.03.13"]
[WhiteClock "0:02:11"]
[BlackClock "0:05:22"]

1. Nf3 Nf6 2. c4 e6 3. Nc3 d5 4. d4 c5 5. cxd5 cxd4 6. Qxd4 exd5 7. e4 dxe4 8. Qxd8+ Kxd8 9. Ng5 Be6 10. a3 Nbd7 11. g3 h6 12. Nxe6+ fxe6 13. Bg2 Nc5 14. Be3 Rc8 15. O-O-O+ Ke8 16. Kb1 Kf7 17. b4 Ncd7 18. Nxe4 Nd5 19. Bd4 a5 20. Rc1 Be7 21. Nc3 Nxc3+ 22. Bxc3 axb4 23. axb4 Rc4 24. Bd2 Rd4 25. Bc3 Rc4 26. Bd2 Rd4 27. Rhd1 Bxb4 28. Bxh6 Rxd1 29. Rxd1 Nf6 30. Be3 Rxh2 31. Bxb7 Ng4 32. Bd4 e5 33. Ba7 Ke7 1/2-1/2


[Site "Internet"]

[Event "Chessable Masters - Torneo preliminare"]
[White "Wei, Yi"]
[Black "Kravtsiv, Martyn"]
[WhiteFideId "8603405"]
[BlackFideId "14113147"]
[WhiteElo "2716"]
[BlackElo "2675"]
[Result "0-1"]
[Round "8"]
[TimeControl "600+2"]
[Date "2023.03.13"]
[WhiteClock "0:02:44"]
[BlackClock "0:02:45"]

1. d4 Nf6 2. c4 e6 3. Nc3 d5 4. cxd5 exd5 5. Bg5 c6 6. e3 Be7 7. Bd3 Nbd7 8. Nge2 Nh5 9. Bxe7 Qxe7 10. Qd2 g6 11. f3 Nb6 12. O-O O-O 13. e4 Be6 14. Rae1 Rad8 15. e5 f5 16. exf6 Qxf6 17. g4 Ng7 18. Qh6 Nc8 19. Kg2 Nd6 20. h3 Rde8 21. b3 Bd7 22. Kg3 Bf5 23. Qd2 Bxd3 24. Qxd3 Re3 0-1


[Site "Internet"]

[Event "Chessable Masters - Torneo preliminare"]
[White "Yu, Yangyi"]
[Black "Terry, Renato"]
[WhiteFideId "8603820"]
[BlackFideId "3803457"]
[WhiteElo "2734"]
[BlackElo "2472"]
[Result "1-0"]
[Round "8"]
[TimeControl "600+2"]
[Date "2023.03.13"]
[WhiteClock "0:01:11"]
[BlackClock "0:00:05"]

1. e4 g6 2. d4 Bg7 3. Nc3 c6 4. Bc4 d6 5. Bb3 a6 6. Nf3 b5 7. Ne2 Nf6 8. Ng3 Qc7 9. a4 O-O 10. O-O Nbd7 11. Re1 e5 12. c3 Bb7 13. h3 c5 14. d5 c4 15. Bc2 Nc5 16. Bg5 Rab8 17. Ra2 Bc8 18. axb5 axb5 19. Qd2 Bd7 20. Rea1 Rfc8 21. Bh6 Qd8 22. Bxg7 Kxg7 23. Qe3 Na4 24. Nd2 Nc5 25. f4 Qb6 26. fxe5 dxe5 27. Kh2 Ne8 28. Ra7 Rc7 29. R7a2 Na4 30. Qe2 Nd6 31. Rf1 Rcc8 32. Qf3 Qd8 33. Nh5+ Kh8 34. Nf6 Nc5 35. Qg3 Qe7 36. Qh4 h5 37. Qg5 Kg7 38. Nxh5+ Kf8 39. Qh6+ Ke8 40. Qh8+ Qf8 41. Qxe5+ Kd8 42. Nf6 Rb6 43. Ra7 Ndb7 44. Qg5 Qe7 45. e5 1-0


[Site "Internet"]

[Event "Chessable Masters - Torneo preliminare"]
[White "Salem, A.R. Saleh"]
[Black "Pichot, Alan"]
[WhiteFideId "9301348"]
[BlackFideId "110973"]
[WhiteElo "2654"]
[BlackElo "2549"]
[Result "1-0"]
[Round "8"]
[TimeControl "600+2"]
[Date "2023.03.13"]
[WhiteClock "0:00:06"]
[BlackClock "0:00:05"]

1. d4 d5 2. c4 e6 3. Nf3 Nf6 4. g3 Be7 5. Bg2 O-O 6. O-O dxc4 7. Qc2 a6 8. a4 Bd7 9. Qxc4 Bc6 10. Bf4 Bd6 11. Qc1 Nbd7 12. Nc3 Qe7 13. Re1 Bxf3 14. Bxf3 c6 15. a5 e5 16. dxe5 Nxe5 17. Bg2 Rfe8 18. Qc2 Rad8 19. Qb3 Neg4 20. Bxd6 Rxd6 21. Rf1 Rd2 22. Ra4 Red8 23. h3 Ne5 24. Rf4 R2d4 25. Rxd4 Rxd4 26. Rd1 Rxd1+ 27. Nxd1 Qc7 28. Ne3 Ne8 29. Qc3 Nd7 30. h4 Nd6 31. Bh3 Nb5 32. Qd2 Nc5 33. Nc4 Ne4 34. Qe3 Nf6 35. Qb6 Qxb6 36. axb6 Ne8 37. Na5 Nbd6 38. e4 f6 39. f4 Nxe4 40. Nxb7 Kf8 41. Nd8 N8d6 42. b7 Nxb7 43. Nxb7 Nxg3 44. Kf2 Ne4+ 45. Ke3 Ng3 46. Bg4 h5 47. Bh3 g5 48. fxg5 fxg5 49. hxg5 Kg7 50. Nc5 a5 51. Ne4 Kg6 52. Nxg3 1-0


[Site "Internet"]

[Event "Chessable Masters - Torneo preliminare"]
[White "Bachmann, Axel"]
[Black "Le, Tuan Minh"]
[WhiteFideId "3700488"]
[BlackFideId "12401153"]
[WhiteElo "2618"]
[BlackElo "2489"]
[Result "0-1"]
[Round "8"]
[TimeControl "600+2"]
[Date "2023.03.13"]
[WhiteClock "0:00:10"]
[BlackClock "0:03:11"]

1. Nf3 d5 2. e3 Nf6 3. c4 c6 4. Nc3 a6 5. Qc2 e6 6. b3 c5 7. cxd5 exd5 8. Bb2 Nc6 9. a3 Bd6 10. Bd3 h6 11. Ne2 O-O 12. O-O Re8 13. Ng3 b5 14. Bf5 Bb7 15. Rac1 Bf8 16. Qb1 d4 17. b4 cxb4 18. axb4 Nxb4 19. Bxd4 a5 20. Bc3 Bd5 21. Nd4 Qb6 22. Qa1 Na2 23. Rb1 Nxc3 24. dxc3 b4 25. cxb4 axb4 26. Qb2 h5 27. Qe2 h4 28. Nh5 Qxd4 29. Rfd1 Bc4 30. Qf3 Qe5 0-1


[Site "Internet"]

[Event "Chessable Masters - Torneo preliminare"]
[White "Martinez Alcantara, Jose Eduardo"]
[Black "Sychev, Klementy"]
[WhiteFideId "3805662"]
[BlackFideId "4114060"]
[WhiteElo "2643"]
[BlackElo "2484"]
[Result "1-0"]
[Round "8"]
[TimeControl "600+2"]
[Date "2023.03.13"]
[WhiteClock "0:00:15"]
[BlackClock "0:00:04"]

1. e4 e5 2. Nf3 Nc6 3. Nc3 Nf6 4. h3 Bb4 5. a3 Bxc3 6. dxc3 d6 7. Bd3 Ne7 8. Qe2 Ng6 9. Be3 Bd7 10. O-O-O Bc6 11. Nd2 Qe7 12. Rhe1 a6 13. g3 Bd7 14. h4 Nf8 15. Kb1 h6 16. f3 Bc6 17. Bf2 Ne6 18. Nc4 Bb5 19. Ne3 Bxd3 20. cxd3 O-O-O 21. d4 g6 22. Nd5 Nxd5 23. exd5 Ng7 24. dxe5 Qxe5 25. Qxe5 dxe5 26. Rxe5 Rhe8 27. Rde1 Rxe5 28. Rxe5 f6 29. Re7 Nf5 30. Rf7 Rxd5 31. g4 Rd1+ 32. Ka2 Nd6 33. Rf8+ Kd7 34. Rxf6 Nc4 35. Rf7+ Kc8 36. Bg3 b5 37. Bf4 Rh1 38. Rxc7+ Kd8 39. Rc6 Rxh4 40. Rxg6 Rh3 41. Rxa6 Rxf3 42. Bxh6 Rf2 43. Bc1 Rf1 44. Bg5+ Kc7 45. Rf6 Rg1 46. Rf2 Rxg4 47. Bc1 Kc6 48. b3 Nb6 49. Kb2 Nd7 50. Kc2 Rg1 51. Rh2 Rf1 52. Rh6+ Kb7 53. Rh7 Kc6 54. Rh6+ Kb7 55. Be3 Re1 56. Bd4 Ra1 57. Rd6 Kc7 58. Ra6 Kb7 59. Ra7+ Kc6 60. Kb2 Rd1 61. a4 bxa4 62. Rxa4 Rd2+ 63. Ka3 Rd1 64. Kb4 Rf1 65. Ra6+ Kc7 66. Ra7+ Kc6 67. Ra6+ Kc7 68. Rh6 Rf5 69. Rh7 Kc6 70. Rh4 Kc7 71. c4 Nb8 72. Rh7+ Kc8 73. Rh3 Nc6+ 74. Kc3 Rf1 75. Be3 Rb1 76. Rh5 Re1 77. Bd2 Rf1 78. Rh3 Rb1 79. Kc2 Rf1 80. Bc3 Kd7 81. b4 Rf4 82. Kb3 Nd8 83. Rh7+ Kc8 84. Rh6 Kd7 85. b5 Ne6 86. Kb4 Rf1 87. Rh7+ Kd6 88. Rh5 Rb1+ 89. Ka3 Rc1 90. Kb2 Rf1 91. Rd5+ Kc7 92. Ba5+ Kc8 93. Rd6 Nf4 94. Bd2 Ne2 95. Rd3 Rf5 96. Kb3 Ng1 97. Kb4 Nf3 98. Bc3 Kc7 99. Re3 Rf4 100. Re7+ Kd6 101. Re2 Kd7 102. Rg2 Kc8 103. Rg8+ Kb7 104. Rg7+ Kc8 105. b6 Rf6 106. Bxf6 1-0


[Site "Internet"]

[Event "Chessable Masters - Torneo preliminare"]
[White "Pantsulaia, Levan"]
[Black "Fier, Alexandr"]
[WhiteFideId "13602071"]
[BlackFideId "2107139"]
[WhiteElo "2533"]
[BlackElo "2504"]
[Result "1/2-1/2"]
[Round "8"]
[TimeControl "600+2"]
[Date "2023.03.13"]
[WhiteClock "0:00:25"]
[BlackClock "0:01:08"]

1. Nf3 c5 2. c4 Nf6 3. Nc3 d5 4. cxd5 Nxd5 5. g3 g6 6. Qa4+ Nc6 7. Bg2 Nb6 8. Qb5 Nd7 9. h4 h6 10. d3 Bg7 11. Be3 Qb6 12. Qxb6 axb6 13. a3 O-O 14. Rc1 Nf6 15. Bf4 Be6 16. Nd2 Rfc8 17. Nc4 Nd7 18. O-O h5 19. Bd5 Bxd5 20. Nxd5 Ra6 21. Nc7 e5 22. Nxa6 exf4 23. Nd6 Rf8 24. Nc7 fxg3 25. fxg3 Be5 26. Ncb5 Bxg3 27. Nxb7 Bxh4 28. b4 Bg5 29. Rc2 Nce5 30. bxc5 bxc5 31. a4 Ra8 32. a5 Nc6 33. Ra1 Be3+ 34. Kf1 g5 35. Ra4 Nb4 36. Rc4 f5 37. N5d6 Ne5 38. Rxc5 Bxc5 39. Nxc5 Nbc6 40. a6 f4 41. Ne6 f3 42. Nxg5 fxe2+ 43. Kxe2 Nd7 44. Ne6 Nb6 45. Ra1 Ne5 46. Rg1+ Ng4 47. Nf4 Kf8 48. Nxh5 Ne5 49. d4 Nc6 50. Rg7 Nd5 51. Rg5 Ncb4 52. Rf5+ Ke7 53. Nc4 Rxa6 54. Nf4 Nxf4+ 55. Rxf4 Ra2+ 56. Kf3 Nd5 57. Rf5 Nf6 58. Ne3 Rd2 59. Re5+ Kd7 60. Nf5 Rd1 61. Re7+ Kd8 62. Re6 Rf1+ 63. Ke3 Rxf5 64. Re5 Rf1 65. Ke2 Ra1 66. Kd3 Kd7 67. Ke2 Kd6 68. Kd3 Nd5 69. Kd2 Ra3 70. Rh5 Nf4 71. Rg5 Rd3+ 72. Kc2 Rxd4 73. Rg8 Ke5 74. Re8+ Kf5 75. Rf8+ Kg4 76. Rg8+ Kf3 77. Re8 Nd5 78. Re5 Ne3+ 79. Kc3 Rd1 80. Re8 Ke2 81. Re7 Rd3+ 82. Kb4 Kd2 83. Kc5 Kc3 84. Re8 Nc2 85. Rh8 Nb4 86. Kb5 Rd5+ 87. Ka4 Nd3 88. Rh3 Rf5 89. Rg3 Rh5 90. Rg8 Kc4 91. Rc8+ Nc5+ 92. Ka3 Rh2 93. Rc7 Rh3+ 94. Kb2 Kb4 95. Kc2 Rh2+ 96. Kd1 Kc4 97. Rc8 Kd4 98. Rd8+ Ke3 99. Re8+ Ne4 100. Kc1 Kd3 101. Rd8+ Kc3 102. Rc8+ Kd3 103. Rd8+ Kc4 104. Rc8+ Nc5 105. Kd1 Kd4 106. Rd8+ Kc3 107. Rc8 Rd2+ 108. Ke1 1/2-1/2


[Site "Internet"]

[Event "Chessable Masters - Torneo preliminare"]
[White "Wagner, Dennis"]
[Black "Dreev, Aleksey"]
[WhiteFideId "24650684"]
[BlackFideId "4100107"]
[WhiteElo "2456"]
[BlackElo "2557"]
[Result "1/2-1/2"]
[Round "8"]
[TimeControl "600+2"]
[Date "2023.03.13"]
[WhiteClock "0:00:34"]
[BlackClock "0:01:56"]

1. d4 d5 2. c4 c6 3. Nf3 Nf6 4. Nc3 e6 5. Bg5 Nbd7 6. cxd5 exd5 7. Qc2 Be7 8. e3 Nh5 9. Bxe7 Qxe7 10. O-O-O Nb6 11. h3 Nf6 12. Bd3 Be6 13. Kb1 O-O-O 14. Ne2 Kb8 15. Nf4 Rhe8 16. Ka1 Bc8 17. Nd2 Ne4 18. Nxe4 dxe4 19. Bc4 Qf6 20. h4 g6 21. Bb3 h6 22. Qe2 Qf5 23. Rc1 Re7 24. Rc5 Qg4 25. Qe1 Qd7 26. Qc3 Qd6 27. Rc1 Nd7 28. Ra5 Nb6 29. a3 a6 30. Rc5 Nd7 31. Rc4 Nb6 32. Rc5 Nd7 33. Ra5 Nb6 34. Rc5 1/2-1/2


[Site "Internet"]

[Event "Chessable Masters - Torneo preliminare"]
[White "Giri, Anish"]
[Black "Kosteniuk, Alexandra"]
[WhiteFideId "24116068"]
[BlackFideId "4128125"]
[WhiteElo "2714"]
[BlackElo "2524"]
[Result "1-0"]
[Round "8"]
[TimeControl "600+2"]
[Date "2023.03.13"]
[WhiteClock "0:06:49"]
[BlackClock "0:00:41"]

1. e4 c6 2. d4 d5 3. e5 c5 4. Nf3 Nc6 5. dxc5 e6 6. c3 Bxc5 7. b4 Be7 8. b5 Na5 9. Bd3 f5 10. exf6 Nxf6 11. O-O O-O 12. Re1 Qc7 13. a4 e5 14. Nxe5 Bd6 15. Bf4 Ng4 16. Nxg4 Rxf4 17. Ne3 Qf7 18. Nd2 Be6 19. Nf3 Qf6 20. Be2 d4 21. Nxd4 Rxf2 22. Nxe6 Bxh2+ 23. Kxh2 Qf4+ 24. Nxf4 1-0


[Site "Internet"]

[Event "Chessable Masters - Torneo preliminare"]
[White "Michalik, Peter"]
[Black "Durarbayli, Vasif"]
[WhiteFideId "14907526"]
[BlackFideId "13402935"]
[WhiteElo "2526"]
[BlackElo "2531"]
[Result "1/2-1/2"]
[Round "8"]
[TimeControl "600+2"]
[Date "2023.03.13"]
[WhiteClock "0:04:49"]
[BlackClock "0:00:24"]

1. d4 Nf6 2. c4 e6 3. Nf3 b6 4. g3 Bb7 5. Bg2 Be7 6. O-O O-O 7. Nc3 Ne4 8. Bd2 f5 9. d5 Bf6 10. Rc1 Na6 11. Be1 Nac5 12. Nd4 Qe8 13. Ndb5 Qc8 14. b4 Nxc3 15. Nxc3 Na6 16. Nb5 d6 17. e4 fxe4 18. Bxe4 e5 19. Bd2 Qd7 20. Be3 Nxb4 21. a4 a5 22. h4 Rae8 23. Kg2 Bc8 24. Rh1 Bd8 25. Na7 Ba6 26. Nc6 Nxc6 27. dxc6 Qf7 28. Bd5 Re6 29. Bxe6 Qxe6 30. Qd5 Bc8 31. Bg5 Qxd5+ 32. cxd5 Bg4 33. f4 Bxg5 34. hxg5 exf4 35. gxf4 Rxf4 36. Kg3 Re4 37. Rce1 Bf5 38. Rhf1 Rxe1 39. Rxe1 Kf7 40. Re2 Bd3 41. Rf2+ Ke7 42. Kf4 Bg6 43. Ke3 Bb1 44. Kd4 Bg6 45. Kc4 h5 46. Rf4 Bc2 47. Kc3 Bb1 48. Rf1 Bg6 49. Rh1 Kf7 50. Rh4 Kf8 51. Kc4 Ke7 52. Rh3 Bc2 53. Kb5 Bf5 54. Re3+ Kd8 55. Kc4 h4 56. Rf3 g6 57. Rf4 h3 58. Rh4 Ke7 59. Rh7+ Kf8 60. Kd4 Kg8 61. Rh4 Kg7 62. Ke3 Kg8 63. Kf4 Kg7 64. Kg3 Kg8 65. Rf4 Kg7 66. Rd4 Kg8 67. Rd2 Kg7 68. Re2 Kf7 69. Kh2 Kf8 70. Re1 Kf7 71. Kg3 Kf8 72. Re2 Kf7 73. Rb2 Kf8 74. Kf4 Kf7 75. Kf3 Kf8 76. Rd2 Kf7 77. Rd4 Kf8 78. Rh4 Kg7 79. Kg3 Kg8 80. Rf4 Kg7 81. Rf1 Kg8 82. Re1 Kf7 83. Re3 Kf8 84. Kh2 Kf7 85. Kg3 Kf8 86. Re2 Kf7 1/2-1/2


[Site "Internet"]

[Event "Chessable Masters - Torneo preliminare"]
[White "Henriquez Villagra, Cristobal"]
[Black "Sarana, Alexey"]
[WhiteFideId "3409350"]
[BlackFideId "24133795"]
[WhiteElo "2574"]
[BlackElo "2643"]
[Result "1/2-1/2"]
[Round "8"]
[TimeControl "600+2"]
[Date "2023.03.13"]
[WhiteClock "0:00:18"]
[BlackClock "0:04:39"]

1. e4 c5 2. Nc3 d6 3. g3 g6 4. Bg2 Bg7 5. d3 Nc6 6. f4 Nf6 7. Nf3 O-O 8. O-O Rb8 9. Re1 b5 10. a3 a5 11. a4 b4 12. Nb5 Ba6 13. c4 bxc3 14. bxc3 Nd7 15. Qb3 Na7 16. e5 dxe5 17. fxe5 Nxb5 18. axb5 Bxb5 19. Qc2 e6 20. Bg5 Qc7 21. Be7 Nxe5 22. Bxf8 Nxf3+ 23. Bxf3 Rxf8 24. Rab1 Bd7 25. Rb7 Qd6 26. Ra7 a4 27. Rb1 Rd8 28. Rbb7 h5 29. Be4 Be8 30. Bxg6 Rd7 31. Rxd7 Bxd7 32. Bxh5 Qd5 33. Qf2 Qxh5 34. Rxd7 Bxc3 35. Kg2 a3 36. Ra7 Bb2 37. Qf3 Qg6 38. h4 Kg7 39. h5 Qf6 40. h6+ Kxh6 41. Qxf6+ Bxf6 42. Rxa3 Bd4 43. Kf3 Kg5 44. Ra7 f5 45. Ra6 Kf6 46. Rc6 Ke5 47. Rc8 Kd5 48. g4 fxg4+ 49. Kxg4 Bf6 50. Kf3 Kd4 51. Ke2 Kd5 52. Rf8 Be7 53. Rf4 Bd6 54. Rh4 Be5 55. Kd2 Bd4 56. Rh5+ Kd6 57. Ke2 Kc6 58. Kf3 Kd6 59. Ke4 Bc3 60. Rh2 Bd4 61. Ra2 Ke7 62. Ra6 Kf6 63. Ra7 Bg1 64. Rd7 Bd4 65. Kf3 Kf5 66. Ke2 Ke5 67. Kd2 Kf5 68. Kc2 Kf4 69. Kb3 Kf5 70. Kc4 Ke5 71. Rf7 Kd6 72. Kb5 Be3 73. Rf8 Kd7 74. Ra8 Bd4 75. Ra4 Kd6 76. Ra8 Kd7 77. Ka6 Kc7 78. Rg8 Be3 79. Rg3 Bd4 80. Rg6 Kd6 81. Kb7 c4 82. dxc4 Kc5 83. Rxe6 Kxc4 84. Kc6 Kd3 85. Kd5 Ba7 86. Ra6 Bb8 87. Ra3+ Ke2 88. Ke4 Kf2 89. Rf3+ Kg2 90. Rf8 Bd6 91. Rg8+ Kf2 92. Rg6 Bc7 93. Rg7 Bb8 94. Rg6 Bc7 95. Rg7 Bb8 96. Rg6 Bc7 1/2-1/2


[Site "Internet"]